 Dungeon Crawl Stone Soup version 0.27-a0-54-g64bdb92e38 (webtiles) character file.

Game seed: 17460107853538365845

46895 kae the Brawler (level 14, -18/118 HPs)
             Began as a Demonspawn Gladiator on Jan 7, 2021.
             Was a High Priest of Wu Jian.
             Demolished by a dire elephant (24 damage)
             ... on level 6 of the Lair of Beasts.
             The game lasted 00:17:31 (22182 turns).

kae the Brawler (Demonspawn Gladiator)             Turns: 22182, Time: 00:17:32

Health: -18/118    AC: 29    Str: 18    XL:     14   Next: 6%
Magic:  14/14      EV:  8    Int: 10    God:    Wu Jian [*****.]
Gold:   1339       SH:  5    Dex: 22    Spells: 13/13 levels left

rFire    + . .     SeeInvis +     - Unarmed
rCold    + + .     Faith    .   (no shield)
rNeg     . . .     Spirit   .   l - +8 chain mail {rPois}
rPois    +         Reflect  +   H - +2 hat {SInv}
rElec    .         Harm     .   u - scarf {rC+ rF+}
rCorr    .         Rampage  .   m - +0 pair of gloves
Will     +....                  K - +2 pair of boots
Stlth    ..........             i - amulet of reflection
HPRegen  0.29/turn              F - +6 ring of dexterity
MPRegen  0.14/turn              D - +4 ring of protection

@: no status effects
A: claws 1, yellow scales 2, cold resistance 1, powered by death 2
a: Renounce Religion, Wall Jump, Serpent's Lash, Heavenly Storm


You were on level 6 of the Lair of Beasts.
You worshipped Wu Jian.
Wu Jian was extremely pleased with you.
You visited 3 branches of the dungeon, and saw 19 of its levels.
You also visited: Sewer and Ice Cave.

You collected 1339 gold pieces.

Inventory:

Hand Weapons
 y - a +1 shortbow of flaming
Missiles
 c - a throwing net (quivered)
Armour
 l - a +8 chain mail of poison resistance (worn)
 m - a +0 pair of gloves (worn)
 u - a scarf of resistance (worn)
 H - a +2 hat of see invisible (worn)
 K - a +2 pair of boots (worn)
Jewellery
 e - a +4 ring of evasion
 i - an amulet of reflection (around neck)
 n - an uncursed ring of flight {unknown}
 o - an uncursed ring of fire
 p - an uncursed amulet of regeneration
 D - a +4 ring of protection (right hand)
 E - a cursed ring of resist corrosion
 F - a +6 ring of dexterity (left hand)
Wands
 s - a wand of digging (6)
 t - a wand of iceblast (22)
 v - a wand of random effects (62)
 x - a wand of disintegration (13)
 z - a wand of flame (17)
 B - a wand of enslavement (15)
 C - a wand of polymorph (13)
 M - a wand of acid (7)
Scrolls
 a - 4 scrolls of teleportation
 d - 8 scrolls of remove curse
 f - a scroll of fog
 h - 4 scrolls of enchant weapon
 k - 5 scrolls of magic mapping
 J - 4 scrolls of identify
Potions
 g - 5 potions of attraction
 j - 5 potions of curing
 q - 3 potions of flight
 r - 5 potions of invisibility
 w - 5 potions of heal wounds
 A - a potion of mutation
 G - a potion of ambrosia
 I - 2 potions of lignification
 L - a potion of brilliance
 N - a potion of might {unknown}


   Skills:
 + Level 13.0 Fighting
 - Level 1.7 Throwing
 - Level 2.6 Dodging
 * Level 16.3 Unarmed Combat
 + Level 10.0 Evocations


You had 13 spell levels left.
You didn't know any spells.
Your spell library contained the following spells:

 Spells                   Type           Power        Failure   Level
 Summon Small Mammal      Summ           0%           99%         1
 Call Imp                 Summ           0%           100%        2
 Call Canine Familiar     Summ           0%           100%        3
 Summon Guardian Golem    Hex/Summ       0%           100%        3
 Cause Fear               Hex            0%           100%        4
 Summon Ice Beast         Ice/Summ       0%           100%        4
 Summon Lightning Spire   Summ/Air       0%           100%        4
 Bolt of Magma            Conj/Fire/Erth 0%           100%        5
 Iskenderun's Battlesphe  Conj           0%           100%        5
 Silence                  Hex/Air        0%           100%        5
 Summon Demon             Summ           0%           100%        5
 Summon Forest            Summ/Tloc      0%           100%        5
 Summon Mana Viper        Hex/Summ       0%           100%        5
 Yara's Violent Unravell  Hex/Tmut       0%           100%        5
 Iron Shot                Conj/Erth      0%           100%        6
 Shadow Creatures         Summ           N/A          100%        6
 Orb of Destruction       Conj           0%           100%        7
 Spellforged Servitor     Conj/Summ      0%           100%        7
 Summon Hydra             Summ           0%           100%        7
 Discord                  Hex            0%           100%        8


Dungeon Overview and Level Annotations

Branches:
Dungeon (12/15)            Temple (1/1) D:6            Lair (6/6) D:10
  Swamp (0/4) Lair:3        Snake (0/4) Lair:2        Slime (0/5) Lair:5
    Orc (0/2) D:11          Sewer (visited)           IceCv (visited)

Altars:
Ashenzari
Cheibriados
Dithmenos
Elyvilon
Fedhas
Gozag
Hepliaklqana
Kikubaaqudgha
Makhleb
Nemelex Xobeh
Okawaru
Qazlal
Ru
Sif Muna
Trog
Uskayaw
Vehumet
Wu Jian
Xom
Yredelemnul
Zin
The Shining One
Jiyva

Annotations:
D:5 Menkaure
D:7 exclusion: door
D:8 Maggie
D:12 2 transporters
Lair:3 1 runed translucent door


Innate Abilities, Weirdness & Mutations

You have sharp fingernails.
You are mostly covered in yellow scales. (AC +3)
Your flesh is cold resistant. (rC+)
You regenerate health from kills.


Message History

You hit the dire elephant.
The dire elephant is severely wounded.
The dire elephant tramples you!
You hold your ground!
The dire elephant trunk-slaps you.
The dire elephant tramples you but does no damage.
The dire elephant trunk-slaps you but does no damage.
You hit the dire elephant.
The dire elephant is severely wounded.
You hit the dire elephant.
The dire elephant is severely wounded.
The dire elephant tramples you!!
* * * LOW HITPOINT WARNING * * *
You hold your ground!
The dire elephant trunk-slaps you!
* * * LOW HITPOINT WARNING * * *
The dire elephant tramples you but does no damage.
The dire elephant barely misses you.
You pummel the dire elephant!! You punch the dire elephant.
The dire elephant is almost dead.
The dire elephant tramples you!!
You die...

#### ###..#### ##.......###
♣..........# 8♣##.#..#..# **
###'##''#########**#### ****** *
#8.8#....8##@Y≈##...$##*,,,**
#...#.....†.÷Y≈≈'...![#,,,,,+
#.#.####.8#.≈≈≈≈'...[)#,,,,,*
****#+#....####.≈≈≈≈#...?##,,,,,*
,,,,,,####....#≈≈≈≈.######*,,,,,*
,,,,,,* ####.###≈.###8.8##*,,***
,,,,,,*#♣♣♣##...#####8.⌠.8#####..
*****##♣....###(..........P.....#
♣###♣♣.......♣########'''########


You could see 2 dire elephants.

Vanquished Creatures
  Gastronok (Lair:2)
  2 dire elephants (Lair:6)
  5 hydras
  An anaconda (Lair:6)
  Erica (D:10)
  A necromancer (IceCv)
  A lindwurm (Lair:5)
  A deep elf mage (D:12)
  2 ugly things (D:11)
  2 cyclopes (D:12)
  17 elephants
  A black mamba (Lair:3)
  3 ice statues (IceCv)
  Joseph (D:10)
  11 cane toads
  A torpor snail (Lair:4)
  5 centaur skeletons
  A rime drake (Lair:4)
  13 komodo dragons
  7 ice devils (IceCv)
  2 trolls
  2 polar bears
  A hornet (D:7)
  14 blink frogs
  A wyvern (D:8)
  32 yaks
  A basilisk (D:12)
  A steam dragon (D:10)
  2 nagas (Lair:2)
  16 water moccasins
  2 ice beasts
  Purgy (Sewer)
  A swamp drake (Lair:2)
  4 orc warriors
  4 sky beasts
  A phantom (D:4)
  A black bear (D:12)
  2 ogres
  16 wolves
  A necrophage (D:10)
  6 centaurs
  A big kobold (D:12)
  9 bullfrogs
  A wyvern zombie (D:12)
  A gnoll sergeant (D:6)
  6 scorpions
  6 killer bees (D:7)
  15 wights
  6 electric eels
  A howler monkey (D:5)
  A quasit (D:6)
  4 bullfrog zombies
  11 hounds
  5 jellies
  10 orc priests
  3 bullfrog skeletons
  2 draconian simulacra (IceCv)
  Terence (D:3)
  10 orc wizards
  6 worker ants
  15 iguanas
  5 hell rats (Lair:2)
  2 spriggan simulacra (IceCv)
  2 troll simulacra (IceCv)
  A killer bee zombie (D:10)
  A centaur simulacrum (IceCv)
  2 hound zombies (D:6)
  A howler monkey zombie (D:7)
  6 gnolls
  12 adders
  A naga simulacrum (IceCv)
  2 ogre simulacra (IceCv)
  5 shadow imps
  15 white imps
  3 ufetubi
  2 oozes
  5 adder zombies
  2 worms
  14 leopard geckos
  62 orcs
  9 giant cockroaches
  5 goblins
  10 hobgoblins
  10 jackals
  8 kobolds
  6 quokkas
  2 ball pythons
  11 bats
  11 frilled lizards
  A leopard gecko zombie (D:8)
  7 rats
525 creatures vanquished.

Vanquished Creatures (others)
  An orc wizard (D:4)
  A frilled lizard (Lair:2)
  19 fungi
  25 plants
46 creatures vanquished.

Grand Total: 571 creatures vanquished

Notes
Turn   | Place    | Note
-------+----------+-------------------------------------------
     0 | D:1      | kae the Demonspawn Gladiator began the quest for the Orb.
     0 | D:1      | Reached XP level 1. HP: 16/16 MP: 1/1
   452 | D:1      | Reached skill level 3 in Unarmed Combat
   512 | D:1      | Gained mutation: You regenerate a little health from kills.
                  | [demonic ancestry]
   512 | D:1      | Reached XP level 2. HP: 22/22 MP: 2/2
   872 | D:2      | Reached XP level 3. HP: 28/28 MP: 3/3
  1111 | D:2      | Found a white marble altar of Elyvilon.
  1331 | D:2      | Reached skill level 4 in Unarmed Combat
  1331 | D:2      | Reached XP level 4. HP: 32/34 MP: 4/4
  1507 | D:3      | Noticed Terence
  1545 | D:3      | Killed Terence
  1584 | D:3      | Found a glowing drain.
  1593 | Sewer    | Entered a sewer
  1596 | Sewer    | Noticed Purgy
  1623 | Sewer    | Killed Purgy
  1624 | Sewer    | Reached skill level 5 in Unarmed Combat
  1624 | Sewer    | Reached XP level 5. HP: 8/42 MP: 5/5
  2008 | D:3      | Found a broken altar of Ashenzari.
  2079 | D:3      | Gained mutation: Your flesh is cold resistant. (rC+)
                  | [demonic ancestry]
  2079 | D:3      | Reached XP level 6. HP: 44/48 MP: 6/6
  2771 | D:4      | Reached skill level 6 in Unarmed Combat
  2815 | D:4      | Gained mutation: You are partially covered in yellow
                  | scales. (AC +2) [demonic ancestry]
  2815 | D:4      | Reached XP level 7. HP: 47/55 MP: 7/7
  3133 | D:4      | Reached skill level 5 in Fighting
  3542 | D:4      | Found a bloodstained altar of Trog.
  3607 | D:5      | Entered Level 5 of the Dungeon
  3611 | D:5      | Noticed Menkaure
  3870 | D:4      | Reached skill level 7 in Unarmed Combat
  4109 | D:5      | Reached XP level 8. HP: 59/64 MP: 8/8
  5178 | D:6      | Found a staircase to the Ecumenical Temple.
  5186 | D:6      | Reached skill level 8 in Unarmed Combat
  5228 | Temple   | Entered the Ecumenical Temple
  5397 | Temple   | Became a worshipper of the Wu Jian Council
  6058 | D:6      | Reached skill level 9 in Unarmed Combat
  6435 | D:7      | Reached XP level 9. HP: 70/72 MP: 9/9
  6888 | D:7      | Reached * piety under Wu Jian
  7292 | D:7      | Reached skill level 10 in Unarmed Combat
  7682 | D:7      | Noticed a moth of wrath
  7684 | D:7      | Found a bloodstained altar of Trog.
  7843 | D:7      | Paralysed by a hornet for 2 turns
  8168 | D:8      | Noticed Maggie
  8298 | D:8      | Reached ** piety under Wu Jian
  8500 | D:8      | Reached skill level 11 in Unarmed Combat
  8599 | D:8      | Found a basalt altar of Yredelemnul.
  8621 | D:8      | Found a glowing golden altar of the Shining One.
  8623 | D:8      | Noticed an angel
  8842 | D:9      | Reached XP level 10. HP: 82/82 MP: 10/10
  9059 | D:9      | Found an ancient bone altar of Kikubaaqudgha.
  9227 | D:9      | Found the +4 robe of Augmentation {Str+4 Int+4 Dex+4}
  9581 | D:10     | Entered Level 10 of the Dungeon
  9690 | D:10     | Found a blossoming altar of Fedhas.
  9797 | D:10     | Reached skill level 1 in Evocations
 10376 | D:10     | Found a staircase to the Lair.
 10465 | D:10     | Noticed Joseph
 10480 | D:10     | Killed Joseph
 10638 | D:10     | Noticed Erica
 10654 | D:10     | Killed Erica
 10655 | D:10     | Reached skill level 12 in Unarmed Combat
 11012 | D:10     | Reached *** piety under Wu Jian
 11279 | D:11     | Noticed a red ugly thing
 11299 | D:11     | Noticed a brown ugly thing
 11327 | D:11     | Killed a brown ugly thing
 11328 | D:11     | Gained mutation: You regenerate health from kills. [demonic
                  | ancestry]
 11328 | D:11     | Reached XP level 11. HP: 65/90 MP: 11/11
 11340 | D:11     | Killed a red ugly thing
 11349 | D:11     | Found a frozen archway.
 11389 | IceCv    | Entered an ice cave
 11493 | IceCv    | Reached skill level 10 in Fighting
 12318 | IceCv    | Noticed a necromancer
 12319 | IceCv    | Found the cursed +13 scythe of Curses {drain, *Curse}
 12324 | IceCv    | Killed a necromancer
 12382 | IceCv    | Reached skill level 13 in Unarmed Combat
 12382 | IceCv    | Reached skill level 5 in Evocations
 12860 | D:11     | Reached **** piety under Wu Jian
 13120 | D:11     | Found a staircase to the Orcish Mines.
 13506 | D:12     | Noticed a deep elf mage
 13515 | D:12     | Killed a deep elf mage
 13592 | D:12     | Found a transporter.
 13596 | D:12     | Noticed an orc high priest
 13597 | D:12     | Noticed an orc high priest
 14370 | D:12     | Found a transporter.
 14390 | D:12     | Noticed a fire crab
 14750 | Lair:1   | Entered Level 1 of the Lair of Beasts
 14763 | Lair:1   | Noticed a seven-headed hydra
 14769 | Lair:1   | Killed a seven-headed hydra
 14770 | Lair:1   | Gained mutation: You have sharp fingernails. [demonic
                  | ancestry]
 14770 | Lair:1   | Reached XP level 12. HP: 100/100 MP: 12/12
 15256 | Lair:1   | Noticed a five-headed hydra
 15271 | Lair:1   | Killed a five-headed hydra
 15272 | Lair:1   | Reached skill level 14 in Unarmed Combat
 15594 | Lair:2   | Found a staircase to the Snake Pit.
 15742 | Lair:2   | Reached ***** piety under Wu Jian
 16204 | Lair:2   | Noticed Gastronok
 16228 | Lair:2   | Killed Gastronok
 17342 | Lair:3   | Noticed an eight-headed hydra
 17354 | Lair:3   | Killed an eight-headed hydra
 17691 | Lair:3   | Found a runed translucent door.
 17735 | Lair:3   | Found a staircase to the Swamp.
 18633 | Lair:4   | Reached skill level 15 in Unarmed Combat
 18637 | Lair:4   | Gained mutation: You are mostly covered in yellow scales.
                  | (AC +3) [demonic ancestry]
 18637 | Lair:4   | Reached XP level 13. HP: 80/108 MP: 13/13
 19440 | Lair:4   | You fall into a shaft and drop 2 floors!
 19440 | Lair:6   | Entered Level 6 of the Lair of Beasts
 20352 | Lair:5   | Reached skill level 16 in Unarmed Combat
 20497 | Lair:5   | Found a viscous altar of Jiyva.
 20498 | Lair:5   | Found a staircase to the Slime Pits.
 20982 | Lair:5   | Found a shimmering altar of Xom.
 21862 | Lair:6   | Reached XP level 14. HP: 88/118 MP: 14/14
 21888 | Lair:6   | Reached skill level 10 in Evocations
 22181 | Lair:6   | HP: 5/118 [dire elephant (8)]
 22182 | Lair:6   | Demolished by a dire elephant

Illustrated notes

Levels and vault maps discovered:
D:1:      elethiomel_arrival_infinity_welcomes_careful_drivers, layout_rooms,
          kennysheep_pointless_box
D:2:      layout_loops_ring, elyvilon_altar_5
D:3:      layout_basic, cheibrodos_sewer_entry_drain, grunt_ministairs_9,
          evilmike_ruin_ashenzari, uniq_terence
D:4:      layout_loops_ring, nicolae_overflow_hidden_temple, chequers_avenue
D:5:      layout_rooms, uniq_menkaure
D:6:      layout_layer_cave, minmay_temple_entry_antechambers
D:7:      layout_basic, tgw_trog
D:8:      layout_loops_cross, grunt_temple_overflow_holy_war, uniq_maggie
D:9:      layout_cave_pools, marbit_many_paths
D:10:     layout_stronghold, erik_lair_island, fedhas_bush_and_centaur_altar,
          uniq_erica, uniq_joseph
D:11:     layout_loops_corners, orc_0_dummy, portal_ice_cave_entry_imps
D:12:     gammafunk_wand_slinger, layout_loops_ring
Temple:   regret_index_temple_mists
Lair:1:   layout_cave_shapes, beast_lair_carwin_5, grunt_megastairs_1,
          serial_bayou_shore_b
Lair:2:   lemuel_reptile_caves, layout_hall_layers, guppyfry_snake_entry_island,
          uniq_gastronok
Lair:3:   gammafunk_indiana_jones, layout_regular_city, minmay_swamp_entry_eels
Lair:4:   layout_regular_city
Lair:5:   layout_cellular_growth, slime_altar_1, basic_altar,
          infiniplex_staircase_pool_2, serial_bayou_shore_b, grunt_megastairs_5
Lair:6:   due_jungle_book, layout_loops_ring, lemuel_fruit_tree

Skill      XL: |  1  2  3  4  5  6  7  8  9 10 11 12 13 14 |
---------------+-------------------------------------------+-----
Unarmed Combat | 3 4 5 6 7 9 11 12 13 15 16 | 16.3
Fighting       | 3 4 5 7 8 9 11 12 13 | 13.0
Evocations     | 3 6 8 9 10 | 10.0
Throwing       | |  1.7
Dodging        | |  2.6

Action                   |  1- 3 |  4- 6 |  7- 9 | 10-12 | 13-15 || total
-------------------------+-------+-------+-------+-------+-------++-------
Melee: Unarmed           |   152 |   317 |   701 |  1092 |   502 ||  2764
       Punch             |     2 |     7 |    26 |    60 |    62 ||   157
Throw: Throwing net      |       |       |       |     1 |     1 ||     2
Invok: Lunge             |       |       |    17 |    46 |    18 ||    81
       Whirlwind         |       |       |     1 |    18 |     6 ||    25
Evoke: Wand              |       |       |     3 |    12 |       ||    15
  Use: Scroll            |       |     7 |    11 |    18 |     2 ||    38
       Potion            |       |     1 |     6 |     1 |       ||     8
 Stab: Sleeping          |     1 |       |       |       |       ||     1
       Confused          |       |       |       |     2 |       ||     2
       Distracted        |       |       |       |     1 |       ||     1
Armor: Leather armour    |    15 |       |       |       |       ||    15
       Chain mail        |    90 |   171 |   307 |   372 |   274 ||  1214
       Skin              |       |       |     6 |       |       ||     6
Dodge: Dodged            |    74 |    84 |   221 |   458 |   147 ||   984
Block: Other             |       |    65 |   131 |   197 |    81 ||   474
       Reflection        |       |     1 |     4 |     3 |       ||     8

Table legend: (Time is in decaauts)
 A = Elapsed time spent in this place.
 B = Non-inter-level travel time spent in this place.
 C = Inter-level travel time spent in this place.
 D = Time resting spent in this place.
 E = Time spent auto-exploring this place.
 F = Levels seen in this place.
 G = Mean time per level.
                   A        B        C        D        E       F      G
               +--------+--------+--------+--------+--------+-----+--------+
         Total |  21838 |  20830 |   1008 |   3712 |  13273 |  21 | 1039.9 |
       Dungeon |  12678 |  12115 |    563 |   1490 |   8214 |  12 | 1056.5 |
        Temple |    251 |    180 |     71 |      0 |    178 |   1 |  251.0 |
          Lair |   7286 |   6913 |    373 |   1587 |   4234 |   6 | 1214.3 |
         Sewer |    391 |    391 |      0 |      0 |    329 |   1 |  391.0 |
      Ice Cave |   1230 |   1230 |      0 |    635 |    317 |   1 | 1230.0 |
               +--------+--------+--------+--------+--------+-----+--------+

Top non-repeatable levels by time:
     D:7: 1813 daAuts
     D:4: 1697 daAuts
  Lair:3: 1693 daAuts
    D:10: 1651 daAuts
  Lair:4: 1432 daAuts
  Lair:2: 1313 daAuts
   IceCv: 1230 daAuts
    D:12: 1226 daAuts
  Lair:6: 1187 daAuts
     D:6: 959 daAuts
    D:11: 957 daAuts
  Lair:5: 830 daAuts
  Lair:1: 830 daAuts
     D:3: 820 daAuts
     D:1: 747 daAuts
